 Dungeon Crawl Stone Soup version 0.30-a0-728-gc68057be0a (webtiles) character file.

Game seed: 291485628865162898

5014 browni3141 the Geomancer (level 10, -5/71 HPs)
             Began as a Human Earth Elementalist on Jan 31, 2023.
             Was a Believer of Kikubaaqudgha.
             Slain by Amaemon
             ... wielding a -1 demon whip of venom
              (8 damage)
             ... on level 8 of the Dungeon.
             The game lasted 00:18:09 (9091 turns).

browni3141 the Geomancer (Human Earth Elementalist) Turns: 9091, Time: 00:18:10

Health: -5/71      AC:  5    Str:  8    XL:     10   Next: 84%
Magic:  13/16      EV: 12    Int: 19    God:    Kikubaaqudgha [**....]
Gold:   357        SH:  3    Dex: 15    Spells: 3/17 levels left

rFire   + . .      SeeInvis .    u - +3 dagger (venom)
rCold   + . .      Faith    .    J - +0 buckler
rNeg    . . .      Spirit   .    H - +1 robe {rC+ rF+}
rPois   .          Reflect  .    E - +0 helmet
rElec   .          Harm     .    (no cloak)
rCorr   .          Rampage  .    F - +0 pair of gloves
Will    .....                    (no boots)
Stlth   +++                      I - amulet of magic regeneration
HPRegen 0.31/turn                (no ring)
MPRegen 0.55/turn                (no ring)

@: lethally poisoned (-5 -> -13)
A: no striking features
a: Renounce Religion, Unearth Wretches


You were on level 8 of the Dungeon.
You worshipped Kikubaaqudgha.
Kikubaaqudgha was pleased with you.
You visited 2 branches of the dungeon, and saw 9 of its levels.
You also visited: Ossuary.

You collected 546 gold pieces.
You spent 189 gold pieces at shops.

Inventory:

Hand Weapons
 e - a +0 short sword
 p - a +2 spear of venom
 u - a +3 dagger of venom (weapon)
Armour
 a - a +0 robe
 x - a +1 robe of positive energy
 E - a +0 helmet (worn)
 F - a +0 pair of gloves (worn)
 H - a +1 robe of resistance (worn)
 J - a +0 buckler (worn)
Jewellery
 d - an amulet of regeneration
 k - an amulet of faith
 I - an amulet of magic regeneration (around neck)
 L - a ring of magical power
Wands
 C - a wand of mindburst (9)
 D - a wand of paralysis (4)
Scrolls
 h - a scroll of magic mapping
 i - 4 scrolls of teleportation
 j - 3 scrolls of fear
 l - a scroll of enchant armour
 m - a scroll of silence
 q - 3 scrolls of amnesia
 t - a scroll of vulnerability
 v - 4 scrolls of enchant weapon
 w - 2 scrolls of poison
 y - 3 scrolls of immolation
 A - 2 scrolls of fog
 G - a scroll of blinking {unknown}
 K - a scroll of noise
Potions
 b - a potion of magic
 c - 2 potions of haste
 f - 7 potions of might
 g - 4 potions of lignification
 n - a potion of flight {unknown}
 o - a potion of mutation
 r - 6 potions of curing
 s - a potion of invisibility {unknown}
 z - 2 potions of attraction {unknown}
 B - 2 potions of degeneration {unknown}


   Skills:
 - Level 4.0 Fighting
 * Level 3.5 Short Blades
 - Level 1.4 Polearms
 - Level 2.0 Dodging
 * Level 4.4 Stealth
 - Level 4.0 Spellcasting
 - Level 3.0 Necromancy
 - Level 4.0 Translocations
 - Level 5.0 Transmutations
 - Level 10.0 Earth Magic
 - Level 5.0 Evocations


You had 3 spell levels left.
You knew the following spells:

 Your Spells              Type           Power      Damage    Failure   Level
a - Sandblast             Erth           82%        2d17      1%          1
b - Passwall              Tmut/Erth      26%        N/A       1%          2
c - Stone Arrow           Conj/Erth      44%        3d9       7%          3
d - Blink                 Tloc           38%        N/A       5%          2
e - Petrify               Tmut/Erth      32%        N/A       9%          4
f - Cigotuvi's Dreadful   Necr/Pois/Air  14%        N/A       19%         2

Your spell library contained the following spells:

 Spells                   Type           Power      Damage    Failure   Level
 Beastly Appendage        Tmut           44%        N/A       2%          1
 Wereblood                Tmut           22%        N/A       3%          2
 Necrotise                Necr           60%        1d7       5%          1
 Vampiric Draining        Necr           15%        2d7       16%         3
 Slow                     Hex            12%        N/A       19%         1
 Spider Form              Tmut/Pois      13%        N/A       21%         3
 Portal Projectile        Hex/Tloc       22%        N/A       24%         3
 Ensorcelled Hibernation  Hex/Ice        6%         N/A       28%         2
 Ignite Poison            Fire/Tmut/Pois 10%        N/A       28%         3
 Kindle Blastsparks       Fire/Tloc/Air  16%        2d11      32%         3
 Confusing Touch          Hex            3%         N/A       50%         3
 Swiftness                Air            3%         N/A       50%         3
 Tukima's Dance           Hex            3%         N/A       50%         3
 Manifold Assault         Tloc           19%        N/A       34%         4
 Animate Dead             Necr           15%        N/A       47%         4
 Blade Hands              Tmut           11%        N/A       54%         5
 Freezing Cloud           Conj/Ice/Air   1%         6-21      99%         5
 Storm Form               Tmut/Air       6%         N/A       100%        7


Dungeon Overview and Level Annotations

Branches:
Dungeon (8/15)             Temple (1/1) D:5         Ossuary (visited)
   Lair: D:8-11

Altars:
Ashenzari
Cheibriados
Dithmenos
Elyvilon
Fedhas
Gozag
Kikubaaqudgha
Makhleb
Nemelex Xobeh
Okawaru
Qazlal
Ru
Sif Muna
Trog
Uskayaw
Vehumet
Wu Jian
Xom
Yredelemnul
Zin
The Shining One

Shops:
D:1 :   D:5 *   D:6 *

Annotations:
D:8 Amaemon


Message History

Amaemon claws you. Amaemon tail-slaps you.
The helpless orange demon fails to defend itself.
You impale the orange demon!!
You kill the orange demon!
Kikubaaqudgha accepts your kill.
You feel sick.
Amaemon hits you with a -1 demon whip of venom!
You are more poisoned.
Amaemon claws you. Amaemon misses you.
Training target 10.0 for Earth Magic reached!
Your Earth Magic skill increases to level 10!
You feel very sick.
You feel sick.
You feel better.
Amaemon casts a spell.
Casting: Petrify (dangerous; 9% risk of failure)
Confirm with . or Enter, or press ? or * to list all spells.
Aiming: Petrify (dangerous; 9% risk of failure)
Press: ? - help, Shift-Dir - straight line, f - Amaemon
Aim: Amaemon, wielding a -1 demon whip of venom (chance to affect: 27%) Amaemon easily resists.
The scorpion barely misses you.
Amaemon hits you with a -1 demon whip of venom!!
* * * LOW HITPOINT WARNING * * *
You are lethally poisoned!
Amaemon closely misses you.
Amaemon tail-slaps you but does no damage.
The scorpion attacks as you move away! The scorpion stings you.
* * * LOW HITPOINT WARNING * * *
You are more poisoned.
The scorpion poisons you!
* * * LOW HITPOINT WARNING * * *
You feel extremely sick.
You feel better.
The scorpion stings you but does no damage.
Amaemon hits you with a -1 demon whip of venom!
* * * LOW HITPOINT WARNING * * *
You are lethally poisoned!
Amaemon claws you!
You die...
Kikubaaqudgha rasps: "You have failed me!
Welcome... death!"

....................# #
#...................####
......................##
#....).....##########.##
###...##...# #....... #..
#...# #†...... #.. #...#
#......#
.##...##...######......#
.......@s.......'......'
##.######6..######......#
........................#
##......##########.######
#......# #####.# #.$....#
#.....# #......# #.....#
#......######.....#
#.................#


You could see Amaemon and a scorpion (summoned).

Vanquished Creatures
  A two-headed ogre (D:6)
  An orange demon (D:8)
  A wyvern (D:7)
  Duvessa (D:6)
  An orc warrior (D:8)
  4 water moccasins
  A sky beast (D:7)
  A hornet zombie (Ossuary)
  A black bear (D:7)
  3 ice beasts
  An ogre (D:4)
  2 centaurs
  A phantom (D:6)
  A bullfrog (D:8)
  A gnoll sergeant (D:8)
  4 scorpions
  5 water moccasin zombies (Ossuary)
  3 necrophages
  Dowan (D:6)
  5 killer bees (D:8)
  A bullfrog zombie (Ossuary)
  A centaur zombie (Ossuary)
  A hound (D:5)
  2 jellies (D:6)
  5 orc priests
  A gnoll bouda (D:6)
  Ijyb (D:5)
  6 orc wizards
  Natasha (thrice) (D:3)
  3 iguanas
  2 killer bee zombies (Ossuary)
  19 mummies (Ossuary)
  Robin (D:5)
  14 gnolls
  6 adders
  2 white imps (D:6)
  2 dart slugs
  17 orcs
  13 ball pythons
  7 endoplasms
  4 giant cockroaches
  9 goblins
  11 hobgoblins
  7 jackals
  5 quokkas
  4 bats (D:1)
  7 frilled lizards
  11 kobolds
  6 rats
  A butterfly (D:5)
211 creatures vanquished.

Vanquished Creatures (others)
  A bush (D:8)
  A plant (D:6)
  2 withered plants (Ossuary)
4 creatures vanquished.

Grand Total: 215 creatures vanquished

Notes
Turn   | Place    | Note
-------+----------+-------------------------------------------
     0 | D:1      | browni3141 the Human Earth Elementalist began the quest for
                  | the Orb.
     0 | D:1      | Reached XP level 1. HP: 13/13 MP: 3/3
    21 | D:1      | Found Hafulak's Book Shoppe.
    83 | D:1      | Reached skill level 1 in Fighting
   133 | D:1      | Reached XP level 2. HP: 21/21 MP: 1/5
   409 | D:1      | Learned a level 2 spell: Passwall
   489 | D:1      | Reached XP level 3. HP: 25/26 MP: 2/6
  1175 | D:2      | Reached skill level 4 in Earth Magic
  1272 | D:2      | Reached XP level 4. HP: 32/32 MP: 5/7
  1430 | D:2      | Found a faded altar of an unknown god.
  2265 | D:3      | Reached XP level 5. HP: 37/37 MP: 6/8
  2328 | D:3      | Noticed Natasha
  2332 | D:3      | Killed Natasha
  2333 | D:3      | Reached skill level 5 in Earth Magic
  2447 | D:3      | You fall into a shaft and drop 1 floor!
  2489 | D:4      | Reached skill level 1 in Polearms
  2672 | D:3      | Learned a level 3 spell: Stone Arrow
  2675 | D:3      | Learned a level 2 spell: Blink
  2687 | D:3      | Noticed Natasha
  2701 | D:3      | Killed Natasha
  2747 | D:3      | Found an iron altar of Okawaru.
  3044 | D:3      | Noticed Natasha
  3048 | D:3      | Killed Natasha
  3049 | D:3      | Reached XP level 6. HP: 39/43 MP: 6/9
  3955 | D:4      | Noticed an ogre
  3961 | D:4      | Killed an ogre
  3962 | D:4      | Reached XP level 7. HP: 48/48 MP: 5/12
  4106 | D:5      | Entered Level 5 of the Dungeon
  4139 | D:5      | Reached skill level 6 in Earth Magic
  4161 | D:5      | Found a staircase to the Ecumenical Temple.
  4163 | D:5      | Noticed a water moccasin
  4170 | Temple   | Entered the Ecumenical Temple
  4206 | Temple   | Became a worshipper of Kikubaaqudgha
  4241 | D:5      | Learned a level 4 spell: Petrify
  4444 | D:5      | Found Sighosh's Assorted Antiques.
  4451 | D:5      | Bought a scroll of identify for 50 gold pieces
  4451 | D:5      | Bought 2 cyan potions for 45 gold pieces
  4451 | D:5      | Bought a scroll of identify for 50 gold pieces
  4494 | D:5      | Noticed Robin
  4495 | D:5      | Noticed Ijyb
  4545 | D:5      | Killed Ijyb
  4576 | D:5      | Killed Robin
  4581 | D:5      | Reached skill level 1 in Translocations
  4700 | D:5      | Reached XP level 8. HP: 54/54 MP: 11/14
  4755 | D:5      | Reached skill level 7 in Earth Magic
  4813 | D:5      | Found a hide-covered altar of Uskayaw.
  4939 | D:5      | Reached skill level 8 in Earth Magic
  4943 | D:5      | Reached skill level 1 in Evocations
  5156 | D:6      | Found Rosepelu's Assorted Antiques.
  5205 | D:6      | Bought a scroll of identify for 44 gold pieces
  5267 | D:6      | Reached * piety under Kikubaaqudgha
  5267 | D:6      | Received a gift from Kikubaaqudgha
  5271 | D:6      | Learned a level 2 spell: Cigotuvi's Dreadful Rot
  5560 | D:6      | Reached skill level 1 in Necromancy
  5560 | D:6      | Reached XP level 9. HP: 58/59 MP: 9/15
  5993 | D:6      | Noticed a two-headed ogre
  6003 | D:6      | Killed a two-headed ogre
  6057 | D:6      | Noticed Duvessa
  6058 | D:6      | Noticed Dowan
  6079 | D:6      | Killed Dowan
  6083 | D:6      | Killed Duvessa
  6233 | D:7      | Reached skill level 5 in Transmutations
  6387 | D:7      | Reached skill level 5 in Evocations
  6470 | D:7      | Found a snail-covered altar of Cheibriados.
  6705 | D:6      | Reached XP level 10. HP: 42/68 MP: 14/16
  6887 | D:7      | Found a bloodstained altar of Trog.
  7175 | D:7      | Found a burning altar of Makhleb.
  7175 | D:7      | Found a basalt altar of Yredelemnul.
  7184 | D:7      | Found a glowing silver altar of Zin.
  7186 | D:7      | Found a broken altar of Ashenzari.
  7188 | D:7      | Found a glowing golden altar of the Shining One.
  7401 | D:8      | Reached skill level 9 in Earth Magic
  7440 | D:8      | Noticed an orange demon
  7441 | D:8      | Noticed Amaemon
  7750 | D:8      | Found a sand-covered staircase.
  7760 | Ossuary  | Entered an ossuary
  7783 | Ossuary  | Reached ** piety under Kikubaaqudgha
  7796 | Ossuary  | Reached skill level 1 in Short Blades
  9085 | D:8      | Killed an orange demon
  9086 | D:8      | Reached skill level 10 in Earth Magic
  9091 | D:8      | HP: 3/71 [Amaemon/-1 demon whip of venom (10)]
  9091 | D:8      | Slain by Amaemon

Illustrated notes

Levels and vault maps discovered:
D:1:      dpeg_arrival_tiny_f, layout_basic, serial_shops, nicolae_shop_stone,
          minmay_splitting_lines, st_stairs_9
D:2:      layout_basic, shapermc_ecumenical_altar_ellora, minmay_misc_feat_alley
D:3:      layout_basic, amcnicky_altar_gilded, uniq_natasha
D:4:      layout_gridville, minmay_vboxes
D:5:      layout_loops_cross, kennysheep_mini_moat,
          minmay_temple_entry_butterflies, serial_shops,
          nicolae_shop_waterfront, nicolae_goblin_pals
D:6:      layout_layer_cave, serial_shops, nicolae_shop_overgrown_old_shop,
          minmay_microvault, uniq_duvessa
D:7:      layout_loops_ring, chequers_temple_overflow_minitemple,
          mainiacjoe_overflow_surrounded_room, mainiacjoe_overflow_cross_hatched
D:8:      layout_basic, nicolae_ossuary_entry_monument, serial_park_tiny_1,
          uniq_amaemon
Temple:   minmay_temple_bridge_abc

Skill      XL: |  1  2  3  4  5  6  7  8  9 10 |
---------------+-------------------------------+-----
Fighting       | 1 2 4 |  4.0
Transmutations | 2 3 5 |  5.0
Earth Magic    | 4 5 6 8 10 | 10.0
Polearms       | 1 |  1.4
Spellcasting   | 3 4 |  4.0
Translocations | 1 3 4 |  4.0
Evocations     | 2 5 |  5.0
Necromancy     | 1 3 |  3.0
Short Blades   | 3 |  3.5
Stealth        | 4 |  4.4
Dodging        | |  2.0

Action                     |  1- 3 |  4- 6 |  7- 9 | 10-12 || total
---------------------------+-------+-------+-------+-------++-------
  Melee: Short sword       |     7 |       |       |       ||     7
         Spear             |       |    24 |       |       ||    24
         Dagger            |       |     4 |    74 |    36 ||   114
         Punch             |       |       |     2 |       ||     2
   Cast: Sandblast         |    57 |    69 |   104 |   115 ||   345
         Petrify           |       |       |     1 |    11 ||    12
         Blink             |       |       |     1 |       ||     1
         Stone Arrow       |       |       |     1 |       ||     1
  Evoke: Wand              |       |       |     7 |     7 ||    14
    Use: Scroll            |       |       |    14 |     7 ||    21
         Potion            |       |       |       |     3 ||     3
   Stab: Sleeping          |       |     3 |       |       ||     3
         Petrified         |       |       |     6 |    15 ||    21
         Paralysed         |       |       |     4 |       ||     4
 Armour: Robe              |     5 |     4 |    24 |    32 ||    65
  Dodge: Dodged            |    23 |    27 |    71 |    66 ||   187
  Block: Buckler           |       |       |     2 |    20 ||    22

Table legend: (Time is in decaauts)
 A = Elapsed time spent in this place.
 B = Non-inter-level travel time spent in this place.
 C = Inter-level travel time spent in this place.
 D = Time resting spent in this place.
 E = Time spent auto-exploring this place.
 F = Levels seen in this place.
 G = Mean time per level.
                   A        B        C        D        E       F      G
               +--------+--------+--------+--------+--------+-----+--------+
         Total |   9308 |   8958 |    350 |    682 |   6527 |  10 |  930.8 |
       Dungeon |   8721 |   8391 |    330 |    682 |   6186 |   8 | 1090.1 |
        Temple |     59 |     39 |     20 |      0 |     18 |   1 |   59.0 |
       Ossuary |    527 |    527 |      0 |      0 |    322 |   1 |  527.0 |
               +--------+--------+--------+--------+--------+-----+--------+

Top non-repeatable levels by time:
     D:7: 1306 daAuts
     D:6: 1222 daAuts
     D:2: 1123 daAuts
     D:1: 1109 daAuts
     D:8: 1024 daAuts
     D:5: 1000 daAuts
     D:3: 982 daAuts
     D:4: 950 daAuts
 Ossuary: 527 daAuts
  Temple: 59 daAuts
